 Dungeon Crawl Stone Soup version 0.18-a0-1677-g2bdad6c (webtiles) character file.

273014 4thArraOfDagon the Executioner (level 19, -30/181 HPs)
             Began as a Hill Orc Berserker on Apr 2, 2016.
             Was a Believer of Makhleb.
             Killed from afar by a deep elf annihilator (79 damage)
             ... with a crystal spear
             ... on level 3 of the Elven Halls.
             The game lasted 01:31:59 (12739 turns).

4thArraOfDagon the Executioner (HOBe)              Turns: 12739, Time: 01:32:00

Health: -30/181    AC: 19    Str: 34      XL:     19   Next: 79%
Magic:  26/26      EV: 10    Int:  9      God:    Makhleb [**....]
Gold:   776        SH:  5    Dex: 23 (24) Spells: 3 memorised, 5 levels left

rFire  + . .     SeeInvis .     A - +6 battleaxe "Vozeosos" {vamp, rElec rF+ Dex+3}
rCold  + . .     Gourm    .     r - +0 crystal plate armour
rNeg   + + .     Faith    .     (shield currently unavailable)
rPois  .         Spirit   .     (no helmet)
rElec  +         Dismiss  .     f - +2 cloak {rC+}
rCorr  .         Reflect  +     L - +2 pair of gloves {Str+3}
SustAt .         Harm     .     H - -2 pair of boots of Experimentation {*Corrode +Blink Dex+8 Slay+3}
MR     +....                    Y - +5 amulet of reflection (curse)
Stlth  ..........               n - ring of positive energy
                                j - ring of the Octopus King {rN+ AC+1 EV+1 Str+1 Int+1 Dex+1}

@: mighty, corroded, somewhat resistant to hostile enchantments, extremely
unstealthy
A: icy blue scales 1, agile 1, deterioration 1, weak 1, MP-powered wands
a: Minor Destruction, Renounce Religion, Evoke Blink
}: 3/15 runes: decaying, serpentine, slimy


You were on level 3 of the Elven Halls.
You worshipped Makhleb.
Makhleb was pleased with you.
You were not hungry.

You visited 8 branches of the dungeon, and saw 41 of its levels.
You visited the Abyss 2 times.
You also visited: Sewer, Bailey and Ice Cave.

You collected 3136 gold pieces.
You spent 2360 gold pieces at shops.

Inventory:

Hand Weapons
 A - the +6 battleaxe "Vozeosos" (weapon) {vamp, rElec rF+ Dex+3}
   (You found it on level 9 of the Dungeon)

   It inflicts no extra harm, but heals its wielder somewhat when it strikes a
   living foe.
   It affects your dexterity (+3).
   It protects you from fire.
   It insulates you from electricity.
 K - a +9 executioner's axe of chopping
Armour
 f - a +2 cloak of cold resistance (worn)
 g - the +2 pair of gloves of Anarchy {Int+3}
   (You found it on level 6 of the Pits of Slime)

   It affects your intelligence (+3).
 r - a +0 crystal plate armour (worn)
 H - the -2 pair of boots of Experimentation (worn) {*Corrode +Blink Dex+8 Slay+3}
   (You bought it in a shop on level 11 of the Dungeon)

   It affects your dexterity (+8).
   It affects your accuracy and damage with ranged weapons and melee attacks
   (+3).
   It lets you blink.
   It may corrode you when you take damage.
 L - a +2 pair of gloves of strength (worn)
Jewellery
 e - an uncursed ring of ice
 h - the ring of Sovegahe {-Tele MR+ Int+4 SInv}
   (You bought it in a shop on level 2 of the Orcish Mines)

   [ring of protection from magic]

   It affects your intelligence (+4).
   It affects your resistance to hostile enchantments.
   It lets you see invisible.
   It prevents most forms of teleportation.
 j - a ring of the Octopus King (left hand) {rN+ AC+1 EV+1 Str+1 Int+1 Dex+1}
   (You bought it in a shop on level 2 of the Orcish Mines)

   [ring of positive energy]

   It affects your AC (+1).
   It affects your evasion (+1).
   It affects your strength (+1).
   It affects your intelligence (+1).
   It affects your dexterity (+1).
   It protects you from negative energy.
 n - a ring of positive energy (right hand)
 x - an uncursed ring of see invisible
 z - a +3 ring of dexterity
 B - an uncursed ring of fire
 O - an uncursed ring of poison resistance
 Y - a cursed +5 amulet of reflection (around neck)
Wands
 w - a wand of digging (6/24)
 D - a wand of heal wounds (6/9)
 J - a wand of digging (7/24)
 M - a wand of disintegration (6/24)
 Q - a wand of acid (9/15)
Scrolls
 b - 2 scrolls of torment
 d - 6 scrolls of fog {unknown}
 m - 3 scrolls of immolation
 o - 5 scrolls of remove curse
 t - 3 scrolls of recharging
 u - 3 scrolls of teleportation
 y - a scroll of magic mapping
 F - 2 scrolls of summoning
 I - 2 scrolls of noise
 U - 3 scrolls of silence {unknown}
 X - 2 scrolls of fear
Potions
 a - a potion of magic
 c - 2 potions of cure mutation
 i - 3 potions of cancellation
 p - 11 potions of heal wounds
 s - 2 potions of invisibility
 v - 3 potions of flight
 C - a potion of might
 E - 10 potions of curing
 N - 2 potions of resistance
 S - 2 potions of brilliance
Miscellaneous
 l - a legendary deck of war {Foxfire}
 G - a lamp of fire
 T - a sack of spiders
 W - a legendary deck of summoning {Repulsiveness}
 Z - a disc of storms
Comestibles
 q - 8 meat rations
 P - 9 bread rations


   Skills:
 + Level 18.7 Fighting
 - Level 26.0 Axes
 * Level 18.3 Armour
 - Level 1.5 Dodging
 + Level 0.8 Spellcasting
 * Level 1.7 Charms
 * Level 1.8 Necromancy
 + Level 3.4 Invocations
 - Level 10.0 Evocations


You had 5 spell levels left.
You knew the following spells:

 Your Spells              Type           Power        Failure   Level  Hunger
a - Regeneration          Chrm/Necr      #.........   100%        3    ####...
b - Controlled Blink      Tloc           N/A          100%        8    #######
c - Spectral Weapon       Hex/Chrm       #.......     100%        3    ####...


Dungeon Overview and Level Annotations

Branches:
Dungeon (13/15)            Temple (1/1) D:5            Lair (8/8) D:10
  Swamp (4/4) Lair:6        Snake (4/4) Lair:4        Slime (6/6) Lair:7
    Orc (2/2) D:10            Elf (3/3) Orc:2
 Vaults: D:13-14

Altars:
Ashenzari
Dithmenos
Elyvilon
Fedhas
Gozag
Makhleb
Nemelex Xobeh
Okawaru
Pakellas
Qazlal
Sif Muna
Vehumet
Xom
The Shining One

Shops:
D:10 [   D:11 *[*?   Orc:2 [:=[   Elf:3 [

Annotations:
D:7 Noname's ghost, novice DDFi
D:10 LAIR
Swamp:4 Lernaean hydra
Snake:3 exclusion: Roxanne, Roxanne
Snake:4 George's ghost, adept MiFi


Innate Abilities, Weirdness & Mutations

You are partially covered in icy blue scales (AC +1).
You are agile. (Dex +2)
Your body sometimes deteriorates upon taking damage.
You are weak. (Str -2)
You expend magic power (3 MP) to strengthen your wands.


Message History

You slash the deep elf high priest!
The deep elf high priest is severely wounded.
You hit the deep elf blademaster but do no damage.
You slice the deep elf sorcerer!!
The deep elf sorcerer is heavily wounded.
You slash the deep elf annihilator!
You feel better.
The deep elf annihilator is moderately wounded.
The deep elf sorcerer seems less brilliant.
The deep elf annihilator seems less brilliant.
The deep elf sorcerer hits you but does no damage.
The deep elf sorcerer is empowered by the deep elf high priest's aura!
The deep elf annihilator is empowered by the deep elf high priest's aura!
The deep elf high priest mumbles some strange prayers to its god against you.
Something smites you!
The deep elf blademaster barely misses you.
The deep elf blademaster hits you with a short sword!
* * * LOW HITPOINT WARNING * * *
The deep elf annihilator casts a spell at you.
The crystal spear hits you!
You die...

# *,,,.....[.....#
#********,,*#########..#
.,,,,,,,,,,* ######..#
*********,,* ##.....''## *
*,,***#.........## *
*,,,,,+...).)[...## *
*****++##*#...[[......## *
**,,,,.....#............# *
**<,,,,......e@e........##
***,,,,,,......e)e.......##
,,+,,,,,,.(/.....))!....##
,,+,,,,,,..........)...##
*********#######.ยง######*******
* **,,**,,**,,*#e.#*,,**,,**,,**
* *,,,,,,,,,,,,#..#,,,,,,,,,,,,*
***,,,,,,,,,,,,#..#,,,,,,,,,,,,*
,,*,,,**,,**,,*#..#*,,**,,**,,,*


You could see a deep elf blademaster, a deep elf annihilator, a deep elf
sorcerer and 2 deep elf high priests.

Vanquished Creatures
  Jorgrun (Swamp:2)
  7 acid blobs
  An Executioner (Abyss:4)
  2 tentacled starspawn (Abyss:4)
  6 greater nagas (Snake:4)
  3 deep elf sorcerers (Elf:3)
  6 azure jellies (Slime:6)
  Maud (Lair:7)
  A cacodemon (Abyss:4)
  Aizul (Snake:2)
  A draconian shifter (Abyss:4)
  3 deep elf elementalists (Elf:3)
  The ghost of feelmyfire the Warrior, a journeyman MiFi of Trog (Snake:1)
  A deep elf annihilator (Elf:3)
  A deep elf demonologist (Elf:3)
  A lorocyproca (Abyss:4)
  6 death oozes
  A deep elf death mage (Elf:3)
  3 blizzard demons
  5 great orbs of eyes
  A deep elf high priest (Elf:3)
  3 rakshasas
  2 catoblepae
  9 naga warriors (Snake:4)
  16 hydras
  17 anacondas
  4 dancing weapons
  4 thrashing horrors (Abyss:4)
  3 orc high priests (Orc:2)
  4 alligators
  A sun demon (Abyss:4)
  10 naga sharpshooters
  3 shock serpents (Snake:4)
  5 deep elf knights (Elf:3)
  A spatial maelstrom (Abyss:4)
  7 salamander mystics
  A flayed ghost (Abyss:4)
  2 giant orange brains (Abyss:4)
  7 swamp dragons (Swamp:4)
  4 deep elf archers (Elf:3)
  2 unseen horrors
  6 naga ritualists
  A shambling mangrove (Swamp:3)
  2 hill giants (D:11)
  7 mana vipers
  4 lindwurms (Snake:4)
  8 orc knights
  4 orc sorcerers (Orc:2)
  20 deep elf magi
  7 salamanders
  A manticore (D:11)
  2 ugly things
  A hornet (Swamp:1)
  A shining eye (Slime:1)
  2 worldbinders (Abyss:4)
  A cyclops (Orc:2)
  A griffon (Lair:7)
  5 elephants (Lair:6)
  4 guardian serpents
  An eye of devastation (Slime:6)
  16 naga magi
  18 black mambas
  2 gargoyles
  A dire elephant skeleton (Abyss:4)
  2 ice statues (IceCv)
  17 spiny frogs
  A hellion (Abyss:4)
  A torpor snail (Lair:6)
  5 smoke demons (Abyss:4)
  5 komodo dragons
  A tormentor (Abyss:4)
  2 hellwings (Abyss:4)
  16 ice devils
  A troll (Orc:2)
  3 ancient zymes (Abyss:4)
  A polar bear (Lair:3)
  A two-headed ogre (D:11)
  17 blink frogs
  A queen bee (D:8)
  3 bog bodies
  34 slime creatures
  7 giant leeches
  3 raiju (Abyss:4)
  An air elemental (Elf:3)
  20 yaks
  2 spriggans
  A dire elephant simulacrum (Abyss:4)
  A water elemental (D:11)
  A wyvern (Lair:5)
  6 hippogriffs
  3 neqoxecs (Abyss:4)
  2 hungry ghosts
  5 basilisks
  12 vampire mosquitoes
  A spatial vortex (Abyss:4)
  11 swamp worms
  26 nagas
  A warg (Orc:2)
  6 water moccasins
  11 insubstantial wisps
  8 porcupines
  9 swamp drakes
  6 small abominations (Abyss:4)
  A black bear (Lair:2)
  6 large abominations (Abyss:4)
  7 eyes of draining
  6 ice beasts
  28 orc warriors
  A necrophage (D:11)
  7 starcursed masses (Abyss:4)
  5 wasps
  6 centaurs
  6 ogres
  8 wolves
  12 crocodiles
  A big kobold (D:8)
  19 giant frogs
  An earth elemental (Elf:2)
  2 scorpions
  12 killer bees
  11 electric eels
  10 howler monkeys
  3 crimson imps
  3 quasits
  A centaur zombie (D:10)
  10 hounds
  A giant frog zombie (D:8)
  14 jellies
  19 orc priests
  An iron imp (Abyss:4)
  2 centaur skeletons
  22 orc wizards
  3 iguanas
  7 worker ants
  A killer bee zombie (D:11)
  17 sheep
  A worker ant zombie (D:6)
  A howler monkey skeleton (D:9)
  5 adders
  9 gnolls
  36 river rats
  2 shadow imps
  8 white imps (IceCv)
  7 ufetubi (IceCv)
  A dart slug (D:3)
  8 giant geckos
  80 orcs
  5 bats
  3 giant cockroaches
  5 goblins
  4 hobgoblins (D:2)
  6 jackals
  3 quokkas
  A ball python (D:2)
  A giant cockroach zombie (D:5)
  A giant gecko zombie (D:8)
  7 giant newts
  5 kobolds
  3 rats
  2 fungi
  4 plants
  A starspawn tentacle (Abyss:4)
989 creatures vanquished.

Vanquished Creatures (collateral kills)
  the Royal Jelly (Slime:6)
  Mara (Snake:3)
  An acid blob (Slime:6)
  Louise (Swamp:1)
  A naga warrior (Snake:3)
  4 anacondas (Snake:4)
  A naga sharpshooter (Snake:2)
  A large abomination (Abyss:4)
  A giant orange brain (Slime:6)
  A naga ritualist (Snake:2)
  3 orc knights (Bailey)
  4 mana vipers
  2 shining eyes
  3 slime creatures
  A salamander (Snake:2)
  4 guardian serpents
  A naga mage (Snake:2)
  3 black mambas
  A bog body (Swamp:1)
  A neqoxec (Abyss:4)
  2 spatial vortices (Abyss:4)
  2 nagas (Snake:2)
  An orc (Bailey)
41 creatures vanquished.

Vanquished Creatures (others)
  A deep elf sorcerer (Elf:3)
  A deep elf elementalist (Elf:3)
  A naga ritualist (Snake:4)
  A deep elf archer (Elf:3)
  A vampire mosquito (Swamp:1)
  2 ufetubi (IceCv)
  An orc (Orc:2)
  10 fungi
  2 plants (Lair:8)
  5 starspawn tentacles (Abyss:4)
  5 starspawn tentacle segments (Abyss:4)
30 creatures vanquished.

Grand Total: 1060 creatures vanquished

Notes
Turn   | Place    | Note
--------------------------------------------------------------
     0 | D:1      | 4thArraOfDagon the Hill Orc Berserker began the quest for the Orb.
     0 | D:1      | Reached XP level 1. HP: 19/19 MP: 1/1
    72 | D:1      | Reached XP level 2. HP: 12/27 MP: 2/2
   481 | D:2      | Reached ** piety under Trog
   482 | D:2      | Reached XP level 3. HP: 32/33 MP: 3/3
   591 | D:3      | Reached skill level 5 in Axes
   598 | D:3      | Found a glowing drain.
   611 | Sewer    | Entered a sewer
   639 | D:3      | Found a radiant altar of Vehumet.
   828 | D:4      | Found an opulent altar of Gozag.
   838 | D:4      | Reached XP level 4. HP: 35/40 MP: 4/4
   842 | D:4      | Reached skill level 6 in Axes
   923 | D:5      | Entered Level 5 of the Dungeon
   950 | D:5      | Found a staircase to the Ecumenical Temple.
   970 | D:5      | Reached XP level 5. HP: 47/47 MP: 5/5
  1069 | D:4      | Reached XP level 6. HP: 43/55 MP: 6/6
  1131 | D:5      | Reached skill level 5 in Fighting
  1131 | D:5      | Reached skill level 7 in Axes
  1183 | D:6      | Noticed a water moccasin
  1195 | D:6      | Killed a water moccasin
  1223 | D:6      | Found a white marble altar of Elyvilon.
  1300 | D:7      | Noticed an orc warrior
  1314 | D:7      | Reached XP level 7. HP: 61/61 MP: 7/7
  1316 | D:7      | Reached skill level 8 in Axes
  1395 | D:7      | Noticed Noname's ghost (novice DDFi)
  1417 | D:7      | Reached skill level 9 in Axes
  1465 | D:6      | Reached skill level 5 in Armour
  1525 | D:6      | Reached XP level 8. HP: 70/70 MP: 8/8
  1671 | D:8      | Reached skill level 10 in Axes
  1844 | D:8      | Reached skill level 11 in Axes
  1844 | D:8      | Reached XP level 9. HP: 79/79 MP: 9/9
  2127 | D:8      | Reached skill level 12 in Axes
  2345 | D:9      | Noticed a gargoyle
  2351 | D:9      | Killed a gargoyle
  2362 | D:9      | Found a glowing golden altar of the Shining One.
  2418 | D:9      | Reached XP level 10. HP: 91/91 MP: 10/10
  2437 | D:9      | Got a steaming battleaxe
  2441 | D:9      | Identified the +6 battleaxe "Vozeosos" {vamp, rElec rF+ Dex+3} (You found it on level 9 of the Dungeon)
  2455 | D:9      | Reached skill level 13 in Axes
  2522 | D:10     | Entered Level 10 of the Dungeon
  2529 | D:10     | Reached *** piety under Trog
  2572 | D:10     | Found Xaof's Armour Shoppe.
  2755 | D:11     | Found Xeunnuim's Book Shop.
  2830 | D:11     | Found Umuta's Magic Scroll Emporium.
  2915 | D:11     | Bought a scroll of teleportation for 51 gold pieces
  2915 | D:11     | Bought a scroll of identify for 34 gold pieces
  2915 | D:11     | Bought a scroll of identify for 34 gold pieces
  2915 | D:11     | Bought a scroll of identify for 34 gold pieces
  2915 | D:11     | Bought a scroll of identify for 34 gold pieces
  2915 | D:11     | Bought a scroll of magic mapping for 59 gold pieces
  2917 | D:11     | Gained mutation: Your muscles are strong. (Str +2) [potion of mutation]
  2917 | D:11     | Gained mutation: You are partially covered in icy blue scales (AC +1). [potion of mutation]
  2923 | D:11     | Noticed a hill giant
  2940 | D:11     | Killed a hill giant
  2940 | D:11     | Reached skill level 10 in Fighting
  2940 | D:11     | Reached skill level 14 in Axes
  2954 | D:11     | Noticed a manticore
  2966 | D:11     | Found Pezel's Antique Armour Boutique.
  2982 | D:12     | Noticed an unseen horror
  2983 | D:12     | Noticed a green ugly thing
  2992 | D:12     | Killed a green ugly thing
  2993 | D:12     | Killed an unseen horror
  3096 | D:12     | Found a flagged portal.
  3109 | D:12     | Reached XP level 11. HP: 101/101 MP: 11/11
  3146 | Bailey   | Entered a bailey
  3166 | Bailey   | Reached **** piety under Trog
  3228 | Bailey   | Reached skill level 15 in Axes
  3248 | Bailey   | Yermak: crap, this axe
  3257 | Bailey   | 4thArraOfDagon: yeah...
  3257 | Bailey   | 4thArraOfDagon: funny thing is
  3257 | Bailey   | Yermak: not a god gift?
  3257 | Bailey   | emiel: heh
  3257 | Bailey   | 4thArraOfDagon: that such amazing waepons tend to spawn when worshipping trog...
  3257 | Bailey   | emiel: yeah
  3257 | Bailey   | 4thArraOfDagon: naa, it was dunegon's loot
  3257 | Bailey   | emiel: the RNG likes to troll
  3300 | Bailey   | Noticed an orc knight
  3300 | Bailey   | Noticed an orc knight
  3300 | Bailey   | Noticed an orc knight
  3300 | Bailey   | Noticed an orc knight
  3321 | Bailey   | Killed an orc knight
  3321 | Bailey   | Killed an orc knight
  3324 | Bailey   | Killed an orc knight
  3328 | Bailey   | Killed an orc knight
  3377 | Bailey   | Noticed an orc knight
  3413 | Bailey   | Killed an orc knight
  3421 | Bailey   | Yermak: lol
  3453 | Bailey   | Noticed an orc knight
  3476 | Bailey   | Killed an orc knight
  3548 | D:12     | emiel: enchant armour scrolls!
  3557 | D:12     | emiel: i bet
  3653 | D:11     | Found Ysaigyg's General Store.
  3653 | D:11     | Found Ilurerakk's General Store.
  3661 | D:11     | Bought a potion of curing for 33 gold pieces
  3661 | D:11     | Bought 2 potions of heal wounds for 110 gold pieces
  3701 | D:11     | Noticed a four-headed hydra
  3706 | D:11     | Yermak: hmm, I don't remember this vault
  3720 | D:11     | Yermak: must be new in trunk
  3732 | D:11     | Reached skill level 16 in Axes
  3745 | D:11     | Noticed a green ugly thing
  3748 | D:11     | Noticed a hill giant
  3752 | D:11     | Killed a green ugly thing
  3753 | D:11     | Killed a hill giant
  3753 | D:11     | Reached skill level 10 in Armour
  3819 | D:11     | Killed a six-headed hydra
  3849 | D:11     | Noticed a rakshasa
  3873 | D:11     | Killed a rakshasa
  3895 | D:11     | Noticed an unseen horror
  3898 | D:11     | Killed an unseen horror
  3898 | D:11     | Reached XP level 12. HP: 92/112 MP: 12/12
  3903 | D:11     | Got a translucent plate armour
  3924 | D:11     | Identified the +1 plate armour of Liberalism {*Confuse Str+7 Dex-4 SInv} (You found it on level 11 of the Dungeon)
  3944 | D:11     | Yermak: ok, so statue room is useless, the loot room is another one
  3945 | D:11     | 4thArraOfDagon: yea its not that common but encountered it few times
  4223 | D:10     | Reached skill level 17 in Axes
  4238 | D:10     | Found a staircase to the Orcish Mines.
  4249 | Orc:1    | Entered Level 1 of the Orcish Mines
  4297 | Orc:2    | Entered Level 2 of the Orcish Mines
  4297 | Orc:2    | Found a staircase to the Elven Halls.
  4304 | Orc:2    | Reached ***** piety under Trog
  4360 | Orc:2    | Received a gift from Trog
  4372 | Orc:2    | Noticed an orc high priest
  4373 | Orc:2    | Noticed an orc high priest
  4397 | Orc:2    | Killed an orc high priest
  4427 | Orc:2    | Killed an orc high priest
  4442 | Orc:2    | Noticed an orc high priest
  4454 | Orc:2    | Reached skill level 18 in Axes
  4464 | Orc:2    | Killed an orc high priest
  4471 | Orc:2    | Found Meawauc's Antique Armour Shop.
  4471 | Orc:2    | Found Ynaur's Armour Emporium.
  4473 | Orc:2    | Found Adepuyhy's Jewellery Shop.
  4473 | Orc:2    | Found Beqipt's Book Emporium.
  4479 | Orc:2    | Bought a pair of glowing gloves for 148 gold pieces
  4537 | Orc:2    | Yermak: not trying glowing boots?
  4581 | Orc:1    | 4thArraOfDagon: got rand boots in another shop
  4964 | Orc:2    | 4thArraOfDagon: chain+boots
  4997 | Orc:2    | Bought a ring of the Octopus King {rN+ AC+1 EV+1 Str+1 Int+1 Dex+1} for 667 gold pieces
  5107 | D:11     | Bought a pair of faintly humming boots for 180 gold pieces
  5117 | D:11     | Identified the -2 pair of boots of Experimentation {*Corrode +Blink Dex+8 Slay+3} (You bought it in a shop on level 11 of the Dungeon)
  5117 | D:11     | hmmm
  5162 | D:10     | Found a staircase to the Lair.
  5168 | D:10     | Reached XP level 13. HP: 122/122 MP: 13/13
  5249 | Lair:1   | Entered Level 1 of the Lair of Beasts
  5731 | Lair:5   | Reached skill level 19 in Axes
  5763 | Lair:5   | Reached ****** piety under Trog
  5970 | Lair:7   | Found a staircase to the Slime Pits.
  6087 | Lair:7   | Noticed Maud
  6098 | Lair:7   | Killed Maud
  6102 | Lair:8   | Entered Level 8 of the Lair of Beasts
  6156 | Lair:8   | Reached skill level 20 in Axes
  6162 | Lair:8   | Reached skill level 1 in Evocations
  6167 | Lair:8   | Reached XP level 14. HP: 133/133 MP: 14/14
  6173 | Lair:8   | Received a gift from Trog
  6554 | Lair:6   | Found a staircase to the Swamp.
  6573 | Swamp:1  | Entered Level 1 of the Swamp
  6625 | Swamp:1  | Noticed Louise
  6657 | Swamp:1  | Killed Louise
  6676 | Swamp:1  | You fall through a shaft!
  6721 | Swamp:2  | Received a gift from Trog
  6764 | Swamp:2  | Noticed Jorgrun
  6781 | Swamp:2  | Killed Jorgrun
  6837 | Swamp:3  | Reached skill level 21 in Axes
  6882 | Swamp:4  | Entered Level 4 of the Swamp
  7011 | Swamp:4  | Reached XP level 15. HP: 124/139 MP: 18/18
  7050 | Swamp:4  | Yermak: The Lernaean hydra is here
  7053 | Swamp:4  | Reached skill level 15 in Fighting
  7137 | Swamp:4  | Reached XP level 16. HP: 149/149 MP: 19/19
  7163 | Swamp:4  | Reached skill level 15 in Armour
  7197 | Swamp:4  | Noticed the 27-headed Lernaean hydra
  7280 | Swamp:4  | emiel: heh
  7295 | Swamp:4  | Vidiiot: That was scary!
  7338 | Swamp:4  | pipel: clever solution!
  7339 | Swamp:4  | Got a decaying rune of Zot
  7367 | Swamp:4  | Reached skill level 5 in Evocations
  7514 | Lair:6   | 4thArraOfDagon: :)
  7532 | Lair:6   | 4thArraOfDagon: i'm struggling with hydra
  7532 | Lair:6   | pipel: are you going to switch to mak?
  7532 | Lair:6   | 4thArraOfDagon: no matter what weapon/char/setup
  7532 | Lair:6   | 4thArraOfDagon: yeah probably after lair
  7591 | Lair:6   | 4thArraOfDagon: it all depends on loot in slime really
  7842 | Lair:4   | emiel: jackpot
  7863 | Lair:4   | Received a gift from Trog
  7929 | Lair:4   | Found a staircase to the Snake Pit.
  7929 | Lair:4   | emiel: what axe will you use in extended?
  7952 | Lair:4   | emiel: not going for an exec axe?
  8032 | Snake:1  | Entered Level 1 of the Snake Pit
  8033 | Snake:1  | 4thArraOfDagon: idk
  8033 | Snake:1  | 4thArraOfDagon: depends on trog gifts
  8033 | Snake:1  | 4thArraOfDagon: but i like this weapon
  8033 | Snake:1  | 4thArraOfDagon: even for extended for resistances it gives
  8062 | Snake:1  | Noticed feelmyfire's ghost (journeyman MiFi)
  8082 | Snake:1  | Killed feelmyfire's ghost
  8082 | Snake:1  | Reached skill level 22 in Axes
  8323 | Snake:2  | Received a gift from Trog
  8360 | Snake:2  | Found a frozen archway.
  8378 | IceCv    | Entered an ice cave
  8501 | IceCv    | pipel: boots of cold res?
  8503 | IceCv    | pipel: is this new?
  8540 | IceCv    | Yermak: I wouldn't use your artefact boots
  8540 | IceCv    | emiel: no it's pretty common to find cold branded gear in ice caves
  8540 | IceCv    | 4thArraOfDagon: such things spawn only in ice caves
  8722 | Snake:2  | Noticed Aizul
  8733 | Snake:2  | Killed Aizul
  8821 | Snake:3  | Noticed Mara
  8829 | Snake:3  | Noticed 4thArraOfDagon's illusion
  8831 | Snake:3  | Killed Mara
  8831 | Snake:3  | Reached XP level 17. HP: 112/158 MP: 22/22
  8837 | Snake:3  | 4thArraOfDagon: first time i see stone giant
  8914 | Snake:4  | Entered Level 4 of the Snake Pit
  8926 | Snake:4  | Reached skill level 23 in Axes
  9032 | Snake:4  | Found a shimmering altar of Xom.
  9057 | Snake:4  | Received a gift from Trog
  9257 | Snake:4  | 4thArraOfDagon: it would be cool to have
  9257 | Snake:4  | pipel: guardian serpents are quite handy with vampiric axes
  9257 | Snake:4  | 4thArraOfDagon: guardian serpent and warden on command
  9257 | Snake:4  | pipel: such a pity they die
  9257 | Snake:4  | 4thArraOfDagon: yeah
  9450 | Snake:4  | Received a gift from Trog
  9450 | Snake:4  | Reached skill level 24 in Axes
  9462 | Snake:4  | Reached XP level 18. HP: 169/169 MP: 24/24
  9479 | Snake:4  | Got a serpentine rune of Zot
  9610 | Snake:4  | Noticed George's ghost (adept MiFi)
  9614 | Snake:4  | Cast into level 4 of the Abyss (George's ghost)
  9677 | Abyss:4  | pipel: time to find mak altar
  9772 | Abyss:4  | Paralysed by accursed screaming for 1 turns
 10000 | Snake:4  | Escaped the Abyss
 10044 | Snake:3  | Noticed Roxanne
 10295 | Slime:1  | Entered Level 1 of the Pits of Slime
 10407 | Slime:3  | Gained mutation: Your body sometimes deteriorates upon taking damage. [a shining eye]
 10495 | Slime:5  | Reached skill level 10 in Evocations
 10544 | Slime:6  | Entered Level 6 of the Pits of Slime
 10612 | Slime:6  | Reached skill level 25 in Axes
 10718 | Slime:6  | Noticed the Royal Jelly
 10725 | Slime:6  | Killed the Royal Jelly
 10744 | Slime:6  | Reached XP level 19. HP: 179/179 MP: 18/26
 10771 | Slime:6  | Identified the Handbook of Necromancy and Ice (You found it on level 6 of the Pits of Slime)
 10814 | Slime:6  | Identified 2 scrolls of acquirement
 10821 | Slime:6  | Identified Sif Muna's Tome of Entrancing Unholy Rituals (You found it on level 6 of the Pits of Slime)
 10835 | Slime:6  | Identified the Grimoire of Scorching Enchantment (You found it on level 6 of the Pits of Slime)
 10855 | Slime:6  | Yermak: What? Rebranded smth that could be antimagic?
 10880 | Slime:6  | Gained mutation: You are agile. (Dex +2) [potion of beneficial mutation]
 10896 | Slime:6  | Got a pair of shimmering gloves
 10906 | Slime:6  | 4thArraOfDagon: i need mp
 10913 | Slime:6  | Identified the +2 pair of gloves of Anarchy {Int+3} (You found it on level 6 of the Pits of Slime)
 10924 | Slime:6  | Got a slimy rune of Zot
 11090 | Lair:4   | rly
 11137 | Lair:3   | Received a gift from Trog
 11388 | D:8      | Received a gift from Trog
 11485 | Temple   | Entered the Ecumenical Temple
 11559 | Temple   | Fell from the grace of Trog
 11559 | Temple   | Became a worshipper of Makhleb the Destroyer
 11809 | Orc:2    | Bought a cursed +5 amulet of reflection for 352 gold pieces
 11809 | Orc:2    | Bought the ring of Sovegahe {-Tele MR+ Int+4 SInv} for 624 gold pieces
 11834 | Orc:2    | Learned a level 3 spell: Regeneration
 11843 | Orc:2    | Learned a level 8 spell: Controlled Blink
 11848 | Orc:2    | Learned a level 3 spell: Spectral Weapon
 11883 | Elf:1    | Entered Level 1 of the Elven Halls
 11936 | Elf:1    | You fall through a shaft!
 11950 | Elf:3    | Entered Level 3 of the Elven Halls
 11961 | Elf:3    | Reached * piety under Makhleb
 12010 | Elf:3    | crauler: dem stats
 12093 | Elf:3    | Found Gitib's Armour Shop.
 12203 | Elf:3    | Paralysed by Trog for 4 turns
 12281 | Elf:3    | Reached skill level 26 in Axes
 12312 | Elf:3    | Cast into level 2 of the Abyss (a deep elf sorcerer)
 12315 | Abyss:2  | Found a corrupted altar of Lugonu.
 12352 | Abyss:2  | RTFOL
 12486 | Abyss:4  | Reached ** piety under Makhleb
 12507 | Abyss:4  | Lost mutation: Your muscles are strong. (Str +2) [a neqoxec]
 12523 | Abyss:4  | Reached skill level 1 in Invocations
 12527 | Abyss:4  | Gained mutation: You expend magic power (3 MP) to strengthen your wands. [a neqoxec]
 12531 | Abyss:4  | Gained mutation: You are weak. (Str -2) [a neqoxec]
 12630 | Abyss:4  | pipel: is your regen ready?
 12644 | Abyss:4  | pipel: nope I guess)
 12656 | Abyss:4  | Noticed a bone dragon
 12708 | Abyss:4  | Reached skill level 1 in Charms
 12710 | Elf:3    | Escaped the Abyss
 12717 | Elf:3    | Reached skill level 1 in Necromancy
 12739 | Elf:3    | Killed from afar by a deep elf annihilator

Vault maps used:
D:1:      ncdulo_watergridlock, hex_large, minmay_misc_feat_room, minivault_19,
          hangedman_decor_points, minmay_lizard_king
D:2:      grunt_temple_overflow_open
D:3:      vehumet_crystals, first_bread, gup_sewer_entry_glass
D:4:      nicolae_gozag_seed_capital, uniq_menkaure, uniq_natasha
D:5:      temple_pool_b, kennysheep_decorative_pillar
D:6:      elyvilon_altar_1
D:8:      david_nohive_1
D:9:      nicolae_tso_swordbearing_angel
D:10:     erik_lair_island, david_orc_4, serial_shops, shop
D:11:     kennysheep_windowed_halls, serial_shops, shop, shop,
          nicolae_shop_temple_entry_statues_fountains, nicolae_shop_crystal,
          shop
D:12:     lightli_bailey_entry_fortress
D:13:     grunt_vaults_entry_tiered
Temple:   jpeg_temple_clearing_12
Lair:1:   uniq_grum
Lair:2:   grunt_megastairs_4
Lair:3:   grunt_megastairs_3
Lair:4:   guppyfry_snake_entry_garden, beast_lair_carwin_9
Lair:6:   nicolae_swamp_entry_splash_gauntlet, serial_bayou_ford_a,
          kilobyte_rumbling_trees
Lair:7:   minmay_slime_entry_pillars, uniq_maud
Lair:8:   minmay_lair_end_frog_pond, infiniplex_staircase_pool_2,
          lemuel_fruit_tree
Swamp:1:  evilmike_swamp_ruin_house_4, uniq_louise
Swamp:2:  nicolae_swamp_treefoil, water_boxes_lemuel, uniq_jorgrun, uniq_donald,
          uniq_nikola
Swamp:3:  hangedman_swamp_pad
Swamp:4:  swamp_old_school, swamp_pool1
Snake:2:  portal_ice_cave_demonic_guard, serial_bayou_shore_b, uniq_aizul
Snake:3:  serial_shops, shop, uniq_roxanne, uniq_mara
Snake:4:  snake_pit_salamanders_mu, basic_altar, grunt_megastairs_5
Slime:4:  cheibrodos_slime_lost_civilization_6
Slime:5:  cheibrodos_slime_lost_civilization_4
Orc:2:    grunt_orc_tribal_feast
Elf:1:    minmay_elf_arrival_circle, serial_shops, shop_fountains, shop,
          shop_statue, shop, nicolae_trove_entry_free_sample,
          hangedman_elf_represent, small_statue_intersection,
          grunt_ministairs_10, minmay_strange_pillars
Elf:2:    st_stairs_14
Elf:3:    minmay_elf_hall_dome, serial_shops, nicolae_shop_window_shopping
Abyss:2:  bh_abyss_negative
Abyss:4:  grunt_abyss_rune_the_horror, evilmike_abyss_rune_curve
Sewer:    sewer_co_scattered_pipes
Bailey:   bailey_polearm_5, bailey
IceCv:    ice_cave_small_demon

Skill      XL: |  1  2  3  4  5  6  7  8  9 10 11 12 13 14 15 16 17 18 19 |
---------------+----------------------------------------------------------+-----
Fighting       | 4 5 6 7 9 10 11 13 14 15 16 17 18 | 18.7
Axes           | 5 6 7 9 11 12 14 16 18 20 21 22 24 25 26 | 26.0
Armour         | 3 4 5 6 7 9 10 11 12 14 15 16 17 18 | 18.3
Evocations     | 1 4 7 9 10 | 10.0
Invocations    | 3 |  3.4
Charms         | 1 |  1.7
Necromancy     | 1 |  1.8
Dodging        | |  1.5
Spellcasting   | |  0.8

Action                   |  1- 3 |  4- 6 |  7- 9 | 10-12 | 13-15 | 16-18 | 19-21 || total
-------------------------+-------+-------+-------+-------+-------+-------+-------++-------
Melee: Hand axe          |    92 |    87 |   355 |     2 |       |       |       ||   536
       Battleaxe         |       |       |       |   425 |   499 |   873 |   344 ||  2141
Invok: Berserk           |     1 |     3 |    12 |    13 |     6 |    11 |       ||    46
       Trog's Hand       |       |     1 |    16 |     1 |     6 |    26 |       ||    50
       Brothers in Arms  |       |       |       |     2 |     1 |    12 |       ||    15
       Burn Spellbooks   |       |       |       |       |       |       |     2 ||     2
Evoke: Wand              |       |       |     4 |     4 |       |     4 |     3 ||    15
       Deck              |       |       |       |       |       |     2 |       ||     2
  Use: Scroll            |     6 |     3 |     4 |     9 |     3 |     9 |    20 ||    54
       Potion            |       |     1 |     3 |     1 |     1 |     6 |     3 ||    15
 Stab: Distracted        |       |       |       |       |       |     1 |       ||     1
  Eat: Chunk             |       |     5 |    21 |    16 |    20 |    20 |     1 ||    83
       Beef jerky        |       |       |       |     2 |     1 |     1 |       ||     4
       Bread ration      |       |       |       |     1 |       |     1 |       ||     2
       Royal jelly       |       |       |       |     1 |       |       |       ||     1
       Meat ration       |       |       |       |     1 |       |       |     1 ||     2
       Pizza             |       |       |       |       |       |     2 |       ||     2
       Fruit             |       |       |       |       |       |     3 |       ||     3
